AoeStats
← Ryuk7035

Arabia

510940953Analyzed
1v1 RM · 13h ago on Oct 3, 2026· 40m 35s· 2 players
Game mode
Random Map
Map size
Tiny (2 player)
Population
200
Speed
Normal
Resources
Standard
Victory
Conquest
Starting age
Dark Age
Ending age
Imperial Age
RankedLock teamsTeams togetherTeam positionsShared explorationLock speedFull tech treeHidden civsTurbo modeCheats
Victory
Defeat
🇺🇸 Saxons · United States
55
+14
🇲🇽 Spanish · Mexico
17
-14
Ryuk7035
9:26 Loom
13:01 Feudal Age
16:05 Double-Bit Axe
17:55 Horse Collar
20:38 Arson
25:39 Forging
25:51 Scale Mail Armor
35:46 Castle Age
35:55 Gold Mining
39:23 Wheelbarrow
XelosTheStoic
0:55 Loom
12:16 Feudal Age
15:40 Man-at-Arms
16:06 Arson
16:34 Double-Bit Axe
23:04 Castle Age
22:13 Forging
30:27 Gambesons
30:45 Squires
34:12 Imperial Age
32:45 Scale Mail Armor
34:46 Bow Saw
34:23 Horse Collar
35:25 Wheelbarrow
38:51 Town Watch
39:03 Fletching
39:44 Ballistics
39:21 Murder Holes
Connection lost

Rejoining the realm…

Still unreachable

The connection could not be restored.

Session expired

The server has moved on; the page needs a fresh start.